Map: Whispers of Gold

Players

curupira - Winner!

  • Race: Terran Terran
  • League: Silver
  • Spawn Location: 9:00

iPlayDefense

  • Race: Terran Terran
  • League: Bronze
  • Spawn Location: 5:00

VOD

Have the link to the VOD?

Description

Time

  • Played on: April 13, 2025, 9:33 a.m.
  • Length: 6:22
Show
View Real Time Build Order
Export as new Build Order

curupira Terran - Winner!

Build Orders:  

Get SALT Encoding   

  12  0:01  SCV  
  13  0:13  SCV  
  14  0:19  Supply Depot  
  14  0:25  SCV  
  15  0:31  Refinery  
  15  0:40  SCV  
  15  0:42  Refinery  
  16  0:55  Barracks  
  16  0:58  SCV  
  17  1:08  Supply Depot  
  17  1:12  SCV  
  18  1:24  SCV  
  19  1:36  SCV  
  20  2:18  Orbital Command, Factory  
  20  2:40  Barracks  
  20  2:43  Barracks Tech Lab  
  20  2:47  SCV  
  21  2:59  SCV  
  22  3:15  Barracks Reactor  
  22  3:17  Starport  
  22  3:19  Siege Tank  
  25  3:21  SCV  
  25  3:26  Supply Depot  
  26  3:29  Supply Depot  
  26  3:31  Marine  
  27  3:36  SCV  
  28  3:45  Supply Depot  
  28  3:49  Marine  
  28  3:51  Siege Tank  
  32  3:58  Supply Depot  
  32  4:07  Marine  
  33  4:15  Medivac x2  
  37  4:19  Marine  
  38  4:24  Marine  
  38  4:26  Siege Tank  
  42  4:36  Marine  
  42  4:37  Supply Depot  
  43  4:42  Marine  
  43  4:43  Engineering Bay  
  43  4:45  Medivac  
  46  4:54  Marine  
  46  4:58  Siege Tank  
  50  5:00  Marine  
  51  5:12  Marine  
  51  5:14  Liberator  
  52  5:18  Marine  
  56  5:36  Missile Turret  
  56  5:40  Missile Turret  
  56  5:44  Siege Tank  
  56  5:45  Marine, Command Center  
  56  5:46  Marine  
  61  5:55  Missile Turret  
Show
View Real Time Build Order
Export as new Build Order

iPlayDefense Terran 

Build Orders:  

Get SALT Encoding   

  12  0:01  SCV  
  13  0:21  Supply Depot  
  13  0:23  SCV  
  13  0:27  Refinery  
  14  0:38  SCV  
  15  0:50  SCV, Barracks  
  16  1:08  Supply Depot  
  16  1:10  SCV  
  17  1:40  Orbital Command  
  17  1:41  Barracks Reactor  
  17  2:03  Command Center  
  17  2:11  SCV  
  18  2:19  Marine x2  
  20  2:23  SCV  
  21  2:32  Factory  
  21  2:35  SCV  
  22  2:54  Barracks  
  22  2:58  SCV, Barracks  
  22  3:05  Marine x2  
  25  3:11  SCV  
  26  3:18  Refinery  
  26  3:19  Factory Tech Lab  
  26  3:24  Orbital Command  
  26  3:37  Supply Depot  
  26  3:43  SCV  
  27  3:53  Siege Tank  
  30  3:55  SCV  
  30  3:58  Barracks Tech Lab  
  30  4:00  Supply Depot, Barracks Reactor  
  31  4:08  SCV  
  32  4:11  SCV  
  33  4:17  Marine x2  
  33  4:20  SCV  
  33  4:23  Supply Depot, SCV  
  37  4:30  Supply Depot  
  37  4:32  SCV  
  38  4:44  Siege Tank  
  41  4:53  SCV x2, Marine x3  
  41  4:54  Marauder  
  41  4:58  Supply Depot  
  48  5:01  Supply Depot  
  48  5:05  SCV  
  49  5:13  SCV, Marine  
  49  5:14  Marine x2  
  52  5:16  Marauder  
  52  5:17  SCV  
  56  5:25  Supply Depot, SCV  
  57  5:29  Supply Depot  
  57  5:37  Engineering Bay  
  57  5:44  Armory  
  57  5:50  Starport  
  57  5:53  SCV x2  
  57  5:54  Marine x3  
  57  5:55  Marauder  
  64  6:05  SCV  
Tags
 
Matchup
TvT
Race
Terran
Replay Pack
DaveSC2
Spawn Locations
Cross Positions
Add a new tag
Caveats
  • Supply blocks, unpowered buildings, or Contaminate may cause inaccurate times.
  • Supply counts are checked every 10 seconds.